 Dungeon Crawl Stone Soup version 0.22.0-6-g71bd7aa6b3 (webtiles) character file.

84 Elric the Vexing (level 4, -1/26 HPs)
             Began as a Kobold Arcane Marksman on Aug 16, 2018.
             Slain by an adder (2 damage)
             ... on level 2 of the Dungeon.
             The game lasted 00:04:43 (2534 turns).

Elric the Vexing (Kobold Arcane Marksman)           Turns: 2534, Time: 00:04:43

Health: -1/26      AC:  6    Str:  7    XL:     4   Next: 72%
Magic:  7/7        EV: 13    Int: 14    God:
Gold:   48         SH:  0    Dex: 16    Spells: 3/7 levels left

rFire    . . .     SeeInvis .   f - +0 dagger
rCold    + . .     Gourm    .   (shield restricted)
rNeg     . . .     Faith    +   l - +0 ring mail
rPois    .         Spirit   .   (no helmet)
rElec    .         Reflect  .   (no cloak)
rCorr    .         Harm     .   (no gloves)
MR       .....                  b - +0 pair of boots
Stlth    +.........             n - amulet of faith
HPRegen  0.08/turn              (no ring)
MPRegen  0.10/turn              (no ring)

@: lethally poisoned (-1 -> -6), flying
A: small, carnivore, cold resistance 1, subdued magic 1
a: no special abilities


You were on level 2 of the Dungeon.
You were not hungry.

You visited 1 branch of the dungeon, and saw 2 of its levels.

You collected 48 gold pieces.

Inventory:

Hand Weapons
 f - a +0 dagger (weapon)
Missiles
 h - 59 stones (quivered)
 m - 45 sling bullets
Armour
 a - a +0 robe
 b - a +0 pair of boots (worn)
 l - a +0 ring mail (worn)
Jewellery
 n - an amulet of faith (around neck)
Scrolls
 d - 2 scrolls of enchant weapon {unknown}
 e - 3 scrolls of identify {unknown}
 i - a scroll of fear {unknown}
 k - a scroll of remove curse {unknown}
 o - a scroll of teleportation {unknown}


   Skills:
 + Level 2.1 Fighting
 + Level 2.9 Throwing
 + Level 3.2 Dodging
 * Level 0.0 Stealth
 + Level 2.0 Spellcasting
 + Level 3.4 Hexes


You had 3 spell levels left.
You knew the following spells:

 Your Spells              Type           Power        Failure   Level  Hunger
a - Corona                Hex            #......      17%         1    ##.....
b - Portal Projectile     Hex/Tloc       #.....       73%         3    ####...

Your spell library contained the following spells:

 Spells                   Type           Power        Failure   Level  Hunger
 Cause Fear               Hex            #.........   87%         4    #####..
 Slow                     Hex            #.......     26%         2    ###....
 Leda's Liquefaction      Hex/Erth       #.........   98%         4    #####..
 Inner Flame              Hex/Fire       #.......     73%         3    ####...


Dungeon Overview and Level Annotations

Branches:
Dungeon (2/15)

Altars:

Annotations:
D:2 Jessica


Innate Abilities, Weirdness & Mutations

You are small and have problems with some larger weapons.
You are carnivorous and can eat meat at any time.
Your flesh is cold resistant. (rC+)
Your spells are a little easier to cast, but a little less powerful.


Message History

* * * LOW HITPOINT WARNING * * *
You feel sick. The adder barely misses you.
You miss the adder.
The adder is lightly wounded.
The adder bites you but does no damage.
Jessica mumbles some strange words.
Jessica blinks!
Your ring mail prevents you from hitting the adder.
The adder is lightly wounded.
* * * LOW HITPOINT WARNING * * *
You feel sick. The adder closely misses you. x2
You hit the adder.
The adder is moderately wounded.
The adder closely misses you.
You hit the adder but do no damage.
The adder is moderately wounded.
* * * LOW HITPOINT WARNING * * *
You feel sick. The adder misses you. The adder bites you.
You die...

######### ## #.......# .#
#.......# . .# #.......# .# .#
#.......# ..# .####.......#
...# .'..........# ....#
.####....[..###########.....#
.รท..............@S.@..(....((
####################(##......
#(# ###.. #.. # .(.. # ..... #
....... .(.#..##


You could see an adder and Jessica.

Vanquished Creatures
  2 adders (D:2)
  3 oozes (D:1)
  4 dart slugs (D:1)
  A leopard gecko (D:2)
  3 giant cockroaches
  4 goblins
  2 hobgoblins (D:1)
  7 jackals (D:1)
  4 kobolds
  A ball python (D:2)
  5 bats
  A frilled lizard (D:2)
  6 rats
43 creatures vanquished.

Notes
Turn   | Place    | Note
-------+----------+-------------------------------------------
     0 | D:1      | Elric the Kobold Arcane Marksman began the quest for the Orb.
     0 | D:1      | Reached XP level 1. HP: 12/12 MP: 2/2
   272 | D:1      | Reached XP level 2. HP: 14/16 MP: 3/3
   788 | D:1      | Reached XP level 3. HP: 20/20 MP: 5/5
  1087 | D:1      | Reached XP level 4. HP: 24/26 MP: 6/6
  1164 | D:1      | Learned a level 3 spell: Portal Projectile
  2499 | D:2      | Noticed Jessica
  2528 | D:2      | Gained mutation: Your spells are a little easier to cast, but a little less powerful. [potion of mutation]
  2528 | D:2      | Gained mutation: Your flesh is cold resistant. (rC+) [potion of mutation]
  2533 | D:2      | HP: 1/26 [poisoned by an adder]
  2534 | D:2      | Slain by an adder

Skill      XL: |  1  2  3  4 |
---------------+-------------+-----
Dodging        | 3 |  3.2
Fighting       | 2 |  2.1
Spellcasting   | 2 |  2.0
Throwing       | |  2.9
Hexes          | |  3.4

Action                   |  1- 3 |  4- 6 || total
-------------------------+-------+-------++-------
Melee: Unarmed           |    62 |   134 ||   196
       Dagger            |       |    46 ||    46
Throw: Tomahawk          |    65 |    21 ||    86
       Stone             |    45 |    63 ||   108
       Throwing net      |     7 |       ||     7
  Use: Potion            |       |     2 ||     2
  Eat: Chunk             |       |     5 ||     5
       Ration            |       |     1 ||     1
Armor: Robe              |    19 |       ||    19
       Ring mail         |     4 |    47 ||    51
Dodge: Dodged            |    99 |   116 ||   215
